 Dungeon Crawl Stone Soup version 0.29-a0-409-gd843f3a48c (webtiles) character file.

Game seed: 15188529298536155937

6 croobank the Covert (level 1, -5/23 HPs)
             Began as a Gnoll Delver on May 14, 2022.
             Slain by a wyvern (7 damage)
             ... on level 4 of the Dungeon.
             The game lasted 00:03:10 (334 turns).

croobank the Covert (Gnoll Delver)                   Turns: 334, Time: 00:03:11

Health: -5/23      AC:  3    Str: 11    XL:     1   Next: 90%
Magic:  1/1        EV: 13    Int:  9    God:
Gold:   18         SH:  0    Dex: 13    Spells: 0/0 levels left

rFire   . . .      SeeInvis .   a - +0 hand axe
rCold   . . .      Faith    .   (no shield)
rNeg    . . .      Spirit   .   b - +0 leather armour
rPois   .          Reflect  .   (no helmet)
rElec   .          Harm     .   (no cloak)
rCorr   .          Rampage  .   (no gloves)
Will    .....                   (no boots)
Stlth   ++++......              (no amulet)
HPRegen 0.07/turn               (no ring)
MPRegen 0.07/turn               (no ring)

@: hasted, very quick
A: fangs 1, strong nose, distributed training
a: no special abilities


You were on level 4 of the Dungeon.
You visited 1 branch of the dungeon, and saw 2 of its levels.

You collected 18 gold pieces.

Inventory:

Hand Weapons
 a - a +0 hand axe (weapon)
 i - a +0 dagger
Missiles
 j - a stone (quivered)
Armour
 b - a +0 leather armour (worn)
Wands
 g - a wand of digging (2)
 k - a wand of flame (16)
Scrolls
 c - a scroll of fog
Potions
 d - a potion of flight {unknown}
 e - a potion of attraction {unknown}
 h - a potion of brilliance {unknown}


   Skills:
 + Level 6.4 Fighting
 + Level 0.2 Short Blades
 + Level 0.2 Long Blades
 + Level 4.4 Axes
 + Level 0.2 Maces & Flails
 + Level 0.2 Polearms
 + Level 0.2 Staves
 + Level 0.2 Slings
 + Level 0.2 Bows
 + Level 0.2 Crossbows
 + Level 0.2 Throwing
 + Level 0.2 Armour
 + Level 4.4 Dodging
 + Level 9.5 Stealth
 + Level 0.2 Shields
 + Level 0.2 Unarmed Combat
 + Level 0.2 Spellcasting
 + Level 0.1 Conjurations
 + Level 0.1 Hexes
 + Level 0.1 Summonings
 + Level 0.1 Necromancy
 + Level 0.1 Translocations
 + Level 0.1 Transmutations
 + Level 0.1 Fire Magic
 + Level 0.1 Ice Magic
 + Level 0.1 Air Magic
 + Level 0.1 Earth Magic
 + Level 0.1 Poison Magic
 + Level 0.3 Invocations
 + Level 0.2 Evocations


You couldn't memorise any spells.
You didn't know any spells.
Your spell library was empty.

Dungeon Overview and Level Annotations

Branches:
Dungeon (5/15)
 Temple: D:4-7

Altars:

Shops:
D:5 (


Innate Abilities, Weirdness & Mutations

You have very sharp teeth.
Your uncanny sense of smell can sniff out nearby items.
Your experience applies equally to all skills.


Message History

Aiming: Throw Flame
Press: ? - help, Shift-Dir - straight line, f/p - wyvern
Aim: a wyvern (lightly wounded, 68% to hit)
The puff of flame hits the wyvern but does no damage.
The wyvern is lightly wounded.
Aiming: Throw Flame
Press: ? - help, Shift-Dir - straight line, f/p - wyvern
Aim: a wyvern (lightly wounded, 68% to hit)
The puff of flame hits the wyvern.
The wyvern is lightly wounded.
Aiming: Throw Flame
Press: ? - help, Shift-Dir - straight line, f/p - wyvern
Aim: a wyvern (lightly wounded, 68% to hit)
The puff of flame hits the wyvern.
The wyvern is moderately wounded.
The wyvern bites you!
Ouch! That really hurt!
* * * LOW HITPOINT WARNING * * *
Aiming: Throw Flame
Press: ? - help, Shift-Dir - straight line, f/p - wyvern
Aim: a wyvern (moderately wounded, 68% to hit)
The puff of flame hits the wyvern.
The wyvern is heavily wounded.
The wyvern misses you.
Aiming: Throw Flame
Press: ? - help, Shift-Dir - straight line, f/p - wyvern
Aim: a wyvern (heavily wounded, 68% to hit)
The puff of flame hits the wyvern.
The wyvern is severely wounded.
Okay, then.
Okay, then.
Aiming: Throw Flame
Press: ? - help, Shift-Dir - straight line, f/p - wyvern
Aim: a wyvern (severely wounded, 68% to hit)
The puff of flame misses the wyvern.
The wyvern barely misses you.
Aiming: Throw Flame
Press: ? - help, Shift-Dir - straight line, f/p - wyvern
Aim: a wyvern (severely wounded, 68% to hit)
The puff of flame misses the wyvern.
The wyvern bites you!
You die...

.#. ...# #... ..#.
.#.# #.##.##.## #
#l.#[#...# #
#...#l...####
#..###.......
######...#.....###
#@l..l..#.#....# #
######.##†##.#.# #
#.#...#.#.#
#..###..#.#
#.#...#.#..
#.##.##.###
#..#.#...
#..###.5.# ##..
...#


You could see a wyvern and an iguana.

Vanquished Creatures
  An orc (D:5)
  An endoplasm (D:4)
  A giant cockroach (D:4)
  A kobold (D:4)
4 creatures vanquished.

Notes
Turn   | Place    | Note
-------+----------+-------------------------------------------
     0 | D:5      | Reached skill level 9 in Stealth
     0 | D:5      | croobank the Gnoll Delver began the quest for the Orb.
     0 | D:5      | Reached XP level 1. HP: 23/23 MP: 1/1
     9 | D:5      | Noticed a hound
    14 | D:5      | Noticed an ogre
    52 | D:5      | Noticed a scorpion
    73 | D:5      | Found Ipsoaz's Antique Weapon Boutique.
   278 | D:4      | Noticed an iguana
   320 | D:4      | Noticed a wyvern
   334 | D:4      | Slain by a wyvern

Illustrated notes

Levels and vault maps discovered:
D:4:      layout_basic, tgw_kikubaaqudgha, fedhas_altar_4, minmay_ruptured,
          uniq_duvessa
D:5:      layout_loops_corners, serial_shops, nicolae_square_shop,
          nicolae_stop_n_shop_1, nicolae_shop_window_shopping, uniq_edmund

Skill      XL: | |
---------------+-+-----
Stealth        | |  9.5
Fighting       | |  6.4
Short Blades   | |  0.2
Long Blades    | |  0.2
Axes           | |  4.4
Maces & Flails | |  0.2
Polearms       | |  0.2
Staves         | |  0.2
Slings         | |  0.2
Bows           | |  0.2
Crossbows      | |  0.2
Throwing       | |  0.2
Armour         | |  0.2
Dodging        | |  4.4
Shields        | |  0.2
Unarmed Combat | |  0.2
Spellcasting   | |  0.2
Conjurations   | |  0.1
Hexes          | |  0.1
Summonings     | |  0.1
Necromancy     | |  0.1
Translocations | |  0.1
Transmutations | |  0.1
Fire Magic     | |  0.1
Ice Magic      | |  0.1
Air Magic      | |  0.1
Earth Magic    | |  0.1
Poison Magic   | |  0.1
Invocations    | |  0.3
Evocations     | |  0.2

Action                   || total
-------------------------++-------
Melee: Hand axe          ||     9
       Bite              ||     1
Evoke: Wand              ||     9
  Use: Scroll            ||     2
       Potion            ||     1
 Stab: Sleeping          ||     2
Armor: Leather armour    ||     3
Dodge: Dodged            ||     3

Table legend: (Time is in decaauts)
 A = Elapsed time spent in this place.
 B = Non-inter-level travel time spent in this place.
 C = Inter-level travel time spent in this place.
 D = Time resting spent in this place.
 E = Time spent auto-exploring this place.
 F = Levels seen in this place.
 G = Mean time per level.
                   A        B        C        D        E       F      G
               +--------+--------+--------+--------+--------+-----+--------+
         Total |    327 |    327 |      0 |      0 |    162 |   2 |  163.5 |
       Dungeon |    327 |    327 |      0 |      0 |    162 |   2 |  163.5 |
               +--------+--------+--------+--------+--------+-----+--------+

Top non-repeatable levels by time:
     D:4: 229 daAuts
     D:5: 98 daAuts
